 Dungeon Crawl Stone Soup version 0.31-a0-851-g7ff8af7976 (webtiles) character file.

Game seed: 17638506355898793459

108 BritishOli the Trooper (level 4, 37/37 HPs)
             Began as a Demonspawn Fighter on Oct 6, 2023.
             Got out of the dungeon alive.
             The game lasted 00:01:12 (1223 turns).

BritishOli the Trooper (Demonspawn Fighter)         Turns: 1223, Time: 00:01:13

Health: 37/37      AC:  6    Str: 18    XL:     4   Next: 58%
Magic:  4/4        EV:  9    Int:  9    God:
Gold:   69         SH:  8    Dex: 13    Spells: 3/3 levels left

rFire   . . .        a - +0 war axe
rCold   . . .        c - +0 buckler
rNeg    + . .        b - +0 scale mail
rPois   .            (no helmet)
rElec   .            (no cloak)
rCorr   .            (no gloves)
SInv    .            (no boots)
Will    .....        (no amulet) Stlth
                     f - ring of positive energy
HPRegen 0.26/turn    (no ring)
MPRegen 0.09/turn

%: no passive effects
@: no status effects
A: condensation shield, demonic touch 1
a: no special abilities


You escaped.
You visited 1 branch of the dungeon, and saw 2 of its levels.

You collected 69 gold pieces.

Inventory:

Hand Weapons
 a - a +0 war axe (weapon)
Armour
 b - a +0 scale mail (worn)
 c - a +0 buckler (worn)
Jewellery
 f - a ring of positive energy (left hand)
Scrolls
 g - a scroll of amnesia {unknown}
 h - a scroll of brand weapon {unknown}
 i - 2 scrolls of teleportation {unknown}
 j - a scroll of identify {unknown}
Potions
 d - a potion of might
 e - 3 potions of curing {unknown}


   Skills:
 + Level 3.7 Fighting
 + Level 2.6 Axes
 + Level 3.4 Armour
 - Level 3.3 Shields


You had 3 spell levels left.
You didn't know any spells.
Your spell library was empty.

Dungeon Overview and Level Annotations

Branches:
Dungeon (2/15)

Altars:


Innate Abilities, Weirdness & Mutations

A meltable shield of frost defends you. (SH +4)
Your touch may inflict minor irresistible damage on your foes.


Message History

There are monsters nearby!
You hit Robin.
Robin is moderately wounded.
You slash the goblin!
You kill the goblin!
Robin completely misses you.
Robin is nearby!
You slash Robin!
You kill Robin!
Your life force feels restored.
Items here: ))) †.
Items here: )) [[ †.
Done exploring.
No target in view!
Unknown command.
No target in view!
Unknown command.
No target in view!
Unknown command.
No target in view!
Done exploring.
No target in view!
Done exploring.
No target in view!
Done exploring.
No target in view!
Done exploring.
No target in view!
Done exploring.
No target in view!
Okay, then.
Things that are here:
a +0 dagger of draining; a +0 robe; the human corpse of Jessica
There is a stone staircase leading up here.
You climb upwards.
There is a stone staircase leading down here.
Unknown command.
There is an open door here.
There is a staircase leading out of the dungeon here.
You have escaped!

.# #.#.# #.#.####.........#
.###.#.###.........########
.........................#
#..#####.######..........#
...####..#####...........#
...##........##≈≈#§......#
#.....##.....#...§#......#
#.#....#.....≈...§§......#
#.#....#.....≈.§@§≈§.....#
#.#...>#.....≈...§§§######
..#....#.....#....#.#
#......###≈≈###≈≈#########
#....[..#....#..§..#.....##
......#.≈....≈..§..#......##
......#.≈..⌠.≈.....#.......#
......#.≈^...≈.....#.......#
......#.#....#....)#.....>.#


There were no monsters in sight!

Vanquished Creatures
  Jessica (D:2)
  Terence (D:2)
  Robin (D:2)
  3 endoplasms
  A giant cockroach (D:1)
  7 goblins (D:2)
  7 hobgoblins
  2 kobolds (D:2)
  4 quokkas
  7 ball pythons
  5 bats
  2 frilled lizards
  4 rats
45 creatures vanquished.

Notes
Turn   | Place    | Note
-------+----------+-------------------------------------------
     0 | D:1      | BritishOli the Demonspawn Fighter began the quest for the
                  | Orb.
     0 | D:1      | Reached XP level 1. HP: 18/18 MP: 1/1
   278 | D:1      | Gained mutation: A meltable shield of frost defends you.
                  | (SH +4) [demonic ancestry]
   278 | D:1      | Reached XP level 2. HP: 22/24 MP: 2/2
   635 | D:2      | Discovered your monstrous ancestry.
   635 | D:2      | Gained mutation: Your touch may inflict minor irresistible
                  | damage on your foes. [demonic ancestry]
   635 | D:2      | Reached XP level 3. HP: 26/29 MP: 3/3
   657 | D:2      | Noticed Terence
   674 | D:2      | Killed Terence
  1046 | D:2      | Noticed Jessica
  1054 | D:2      | Killed Jessica
  1055 | D:2      | Reached XP level 4. HP: 33/35 MP: 4/4
  1121 | D:2      | Noticed Robin
  1132 | D:2      | Killed Robin
  1223 | D:$      | Got out of the dungeon alive.

Illustrated notes

Levels and vault maps discovered:
D:1:      dpeg_arrival_rooms_with_view, layout_rooms,
          minmay_misc_feat_secret_circle, minmay_misc_feat_cross
D:2:      layout_loops_cross, uniq_jessica, uniq_robin, uniq_terence

Skill      XL: |  1  2 |
---------------+-------+-----
Axes           | 2 |  2.6
Shields        | 3 |  3.3
Armour         | 3 |  3.4
Fighting       | |  3.7

Action                     |  1- 3 |  4- 6 || total
---------------------------+-------+-------++-------
  Melee: War axe           |   100 |    14 ||   114
 Armour: Scale mail        |    76 |    15 ||    91
  Dodge: Dodged            |    34 |     6 ||    40
  Block: Buckler           |    53 |     3 ||    56

Table legend: (Time is in decaauts)
 A = Elapsed time spent in this place.
 B = Non-inter-level travel time spent in this place.
 C = Inter-level travel time spent in this place.
 D = Time resting spent in this place.
 E = Time spent auto-exploring this place.
 F = Levels seen in this place.
 G = Mean time per level.
                   A        B        C        D        E       F      G
               +--------+--------+--------+--------+--------+-----+--------+
         Total |   1271 |   1202 |     69 |      0 |    925 |   2 |  635.5 |
       Dungeon |   1271 |   1202 |     69 |      0 |    925 |   2 |  635.5 |
               +--------+--------+--------+--------+--------+-----+--------+

Top non-repeatable levels by time:
     D:2: 685 daAuts
     D:1: 585 daAuts
